 Dungeon Crawl Stone Soup version 0.18.1-50-g88ac8fd (webtiles) character file.

3767 Amnesiac the Prestidigitator (level 9, 0/46 HPs)
             Began as a Deep Elf Artificer on Feb 28, 2018.
             Was an Initiate of Gozag.
             Shot with an arrow by a centaur (12 damage)
             ... on level 9 of the Dungeon.
             The game lasted 00:21:06 (11091 turns).

Amnesiac the Prestidigitator (Deep Elf Artificer)  Turns: 11091, Time: 00:21:07

Health: 0/46       AC: 10    Str:  8    XL:     9   Next: 94%
Magic:  21/21      EV: 15    Int: 21    God:    Gozag
Gold:   729        SH:  8    Dex: 15    Spells: 1 memorised, 5 levels left

rFire  . . .     SeeInvis .     b - +6 flail (protect)
rCold  . . .     Gourm    .     z - +1 robe {Archmagi}
rNeg   . . .     Faith    .     F - +0 buckler
rPois  .         Spirit   .     (no helmet)
rElec  .         Dismiss  .     S - +0 cloak
rCorr  .         Reflect  +     (no gloves)
SustAt +         Harm     .     l - +0 pair of boots
MR     .....                    r - +3 amulet of reflection
Stlth  ++........               i - ring of sustain attributes
                                j - +2 ring of evasion

@: gold aura, not resistant to hostile enchantments, unstealthy
A: no striking features
a: Potion Petition, Call Merchant, Bribe Branch, Renounce Religion


You were on level 9 of the Dungeon.
You worshipped Gozag.
Gozag was noncommittal.
You were not hungry.

You visited 2 branches of the dungeon, and saw 10 of its levels.

You collected 1190 gold pieces.
You spent 413 gold pieces at shops.
You paid 48 gold pieces to Gozag.

Inventory:

Hand Weapons
 a - a +0 whip of venom
 b - a +6 flail of protection (weapon)
 n - a +0 blowgun
 y - a +2 falchion of slicing
 X - a +1 trident of protection
Missiles
 t - 2 javelins of penetration (quivered)
 v - 4 needles of sleeping
 C - 4 needles of paralysis
 G - 85 stones
 K - 37 poisoned needles
Armour
 l - a +0 pair of boots (worn)
 z - a +1 robe of the Archmagi (worn)
 F - a +0 buckler (worn)
 H - a +0 shield
 S - a +0 cloak (worn)
 W - a +0 large shield
 Y - a +0 robe of fire resistance
Jewellery
 g - an uncursed ring of wizardry
 i - a ring of sustain attributes (right hand)
 j - a +2 ring of evasion (left hand)
 r - a +3 amulet of reflection (around neck)
Wands
 c - a wand of flame (5/48)
 d - a wand of enslavement (12/24)
 e - a wand of random effects (2/48)
 p - a wand of digging (8/24)
 s - a wand of enslavement (16/24)
 u - a wand of polymorph (3/24)
 O - a wand of enslavement (5/24)
 T - a wand of flame (0/48)
Scrolls
 k - 5 scrolls of teleportation {!r}
 o - 2 scrolls of recharging {!r}
 q - 2 scrolls of remove curse {!r}
 w - 4 scrolls of identify {!r}
 B - 4 scrolls of enchant weapon {!r}
 D - 2 scrolls of fear {!r}
 I - 2 scrolls of amnesia {!r}
 M - a scroll of enchant armour {!r}
 P - 2 scrolls of magic mapping {!r}
Potions
 m - a potion of heal wounds {!q}
 A - 4 potions of brilliance {!q}
 J - a potion of might {!q}
 L - a potion of berserk rage {!q}
Books
 R - a book of Frost

   Spells                             Type                      Level
   a - Freeze                         Ice                          1
   b - Throw Frost                    Conjuration/Ice              2
   c - Ozocubu's Armour               Charms/Ice                   3
   d - Throw Icicle                   Conjuration/Ice              4
   e - Summon Ice Beast               Ice/Summoning                4
 U - a Grand Grimoire

   Spells                             Type                      Level
   a - Monstrous Menagerie            Summoning                    7
   b - Summon Greater Demon           Summoning                    7
   c - Malign Gateway                 Summoning/Translocation      7
   d - Summon Horrible Things         Summoning                    8
Miscellaneous
 h - a plain deck of summoning {drawn: 2}
Comestibles
 f - 6 bread rations
 x - 5 beef jerkies
 V - a meat ration


   Skills:
 - Level 0.7 Fighting
   Level 1.0 Short Blades
 + Level 2.8 Dodging
 - Level 1.2 Stealth
 - Level 5.0 Shields
 * Level 13.8 Evocations


You had 5 spell levels left.
You knew the following spells:

 Your Spells              Type           Power        Failure   Level  Hunger
a - Ozocubu's Armour      Chrm/Ice       #.......     56%         3    ####...


Dungeon Overview and Level Annotations

Branches:
Dungeon (9/15)             Temple (1/1) D:6
   Lair: D:8-11         Orc: D:9-12

Altars:
Ashenzari
Cheibriados
Dithmenos
Elyvilon
Fedhas
Gozag
Kikubaaqudgha
Nemelex Xobeh
Okawaru
Pakellas
Qazlal
Ru
Sif Muna
Trog
Vehumet
Xom
Yredelemnul
Zin
The Shining One

Shops:
D:6 ?


Message History

The warg bites you.
* * * LOW HITPOINT WARNING * * *
Evoke which item? (* to show all) (? for menu, Esc to quit)
Zapping:
O - a wand of enslavement {zapped: 4} (will waste charges)
Press: ? - help, Shift-Dir - straight line, f/p - warg
Aim: a warg (chance to defeat MR: 55%)
The warg resists with significant effort.
Evoking this partially-identified wand wasted a few charges.
Your skill with magical items lets you calculate the power of this device...
This wand has 8 charges left.
The warg misses you. The warg barely misses you.
Evoke which item? (* to show all) (? for menu, Esc to quit)
Zapping:
O - a wand of enslavement (8/24)
Press: ? - help, Shift-Dir - straight line, f/p - warg
Aim: a warg (chance to defeat MR: 55%)
The warg resists with significant effort.
This wand has 7 charges left.
The warg bites you.
* * * LOW HITPOINT WARNING * * *
Evoke which item? (* to show all) (? for menu, Esc to quit)
Zapping:
O - a wand of enslavement (7/24)
Press: ? - help, Shift-Dir - straight line, f/p - warg
Aim: a warg (chance to defeat MR: 55%)
The warg resists with significant effort.
This wand has 6 charges left.
The warg misses you.
Evoke which item? (* to show all) (? for menu, Esc to quit)
Zapping:
O - a wand of enslavement (6/24)
Press: ? - help, Shift-Dir - straight line, f/p - warg
Aim: a warg (chance to defeat MR: 55%)
The warg is charmed.
This wand has 5 charges left.
You climb downwards.
The orc hits you but does no damage.
There is a stone staircase leading up, spattered with blood here.
You see here 2 tomahawks.
What do you say? t - Shout!
Orders for allies: a - Attack new target. r - Retreat! s - Stop attacking. w - Wait here. f - Follow me.
Anything else - Stay silent.
Wait here!
You hear a howl!
You hear a shout!
You hear an angry hiss.
The orc dies!
The orc wizard points at you and mumbles some strange words.
The magic dart hits you!
* * * LOW HITPOINT WARNING * * *
Found a stone staircase leading up.
Things that are here:
5 gold pieces; a short sword What do you say? t - Shout!
Orders for allies: a - Attack new target. r - Retreat! s - Stop attacking. w - Wait here. f - Follow me.
Anything else - Stay silent.
Gang up on whom?
Press: ? - help, Dir - move target cursor, f - orc wizard
Aim: an orc wizard, wielding a dagger and wearing a robe Attack!
You hear a shout!
Something hits your warg.
You feel a bit more experienced.
A centaur comes into view.
Evoke which item? (* to show all) (? for menu, Esc to quit)
Okay, then.
The centaur wields a shortbow.
The centaur shoots an arrow.
The arrow hits you!
You die...
Your body crumbles into a pile of gold.

# #. #.#. # #...
.# #.#c#### .#
......###.## #
#.##....[(#
#.#....$....#
#....#.#h#.##
#...@..##o..$.(.
#..#.#.# #...)..
........#.#
.#....
...#....#.#.. #
... #.
##.##.#.### .. #
.. . ## # #.# #
#.


You could see a centaur.

Vanquished Creatures
  A two-headed ogre (D:8)
  A wyvern (D:8)
  A hippogriff (D:7)
  2 water moccasins (D:8)
  An orc warrior (D:8)
  2 ice beasts
  A sky beast (D:8)
  A wasp (D:3)
  3 ogres
  2 centaurs
  Blork the orc (D:4)
  2 big kobolds
  4 giant frogs
  A water moccasin zombie (D:6)
  A scorpion (D:4)
  2 killer bees (D:7)
  3 wights (D:8)
  2 howler monkeys
  2 crimson imps
  The ghost of Amnesiac the Charlatan, a weakling DEAr (D:4)
  2 giant frog zombies
  A centaur zombie (D:7)
  A wasp zombie (D:7)
  2 hounds (D:4)
  3 orc priests
  3 giant frog skeletons
  5 orc wizards
  A gnoll shaman (D:5)
  3 iguanas
  7 worker ants
  3 hound zombies
  3 hound skeletons
  A howler monkey zombie (D:7)
  2 worker ant zombies
  5 gnolls
  7 adders
  A shadow imp (D:5)
  2 oozes
  An adder skeleton (D:5)
  An adder zombie (D:7)
  3 worms
  3 giant geckos
  18 orcs
  5 bats
  5 giant cockroaches
  2 goblins
  4 hobgoblins
  2 jackals (D:8)
  4 quokkas
  A ball python (D:2)
  A giant gecko skeleton (D:5)
  5 giant newts
  12 kobolds
  2 quokka skeletons
  6 rats
161 creatures vanquished.

Vanquished Creatures (collateral kills)
  A killer bee (D:7)
  An ogre (D:6)
  An orc wizard (D:9)
  A worker ant (D:4)
  2 orcs
  A ball python (D:3)
  A giant newt (D:4)
  A rat (D:3)
9 creatures vanquished.

Vanquished Creatures (others)
  An ogre (D:5)
  A killer bee (D:7)
2 creatures vanquished.

Grand Total: 172 creatures vanquished

Notes
Turn   | Place    | Note
--------------------------------------------------------------
     0 | D:1      | Amnesiac the Deep Elf Artificer began the quest for the Orb.
     0 | D:1      | Reached XP level 1. HP: 11/11 MP: 5/5
   229 | D:2      | Found an iron altar of Okawaru.
   307 | D:3      | Reached XP level 2. HP: 10/16 MP: 6/6
   421 | D:3      | Reached skill level 4 in Evocations
   572 | D:4      | Reached XP level 3. HP: 20/20 MP: 8/8
   619 | D:4      | Noticed a scorpion
   624 | D:4      | Killed a scorpion
   624 | D:4      | Reached skill level 5 in Evocations
   624 | D:4      | Reached XP level 4. HP: 20/24 MP: 8/10
   786 | D:4      | Noticed Blork the orc
   793 | D:4      | Killed Blork the orc
   793 | D:4      | Reached skill level 6 in Evocations
   793 | D:4      | Reached XP level 5. HP: 11/28 MP: 11/11
  1031 | D:4      | Reached skill level 7 in Evocations
  1218 | D:4      | Reached XP level 6. HP: 21/33 MP: 13/13
  1507 | D:4      | Noticed an ice beast
  1510 | D:4      | Killed an ice beast
  1510 | D:4      | Reached skill level 8 in Evocations
  1771 | D:4      | Noticed Amnesiac's ghost (weakling DEAr)
  1786 | D:4      | Killed Amnesiac's ghost
  2021 | D:5      | Entered Level 5 of the Dungeon
  2309 | D:5      | Reached XP level 7. HP: 28/37 MP: 15/15
  2499 | D:5      | Reached skill level 9 in Evocations
  3211 | D:5      | Reached skill level 10 in Evocations
  3787 | D:6      | Found a basalt altar of Yredelemnul.
  3832 | D:6      | Found a staircase to the Ecumenical Temple.
  3862 | Temple   | Entered the Ecumenical Temple
  4017 | Temple   | Became a worshipper of Gozag Ym Sagoz the Greedy
  4144 | D:2      | Found a sparkling altar of Nemelex Xobeh.
  4216 | D:2      | Found a faded altar to an unknown god.
  4891 | D:2      | Found a glowing golden altar of the Shining One.
  5495 | D:3      | Reached XP level 8. HP: 39/42 MP: 16/18
  6204 | D:6      | Reached skill level 11 in Evocations
  6301 | D:6      | Noticed a green ugly thing
  6458 | D:6      | Found Xydob's Magic Scroll Shoppe.
  6472 | D:6      | Bought a scroll of identify for 28 gold pieces
  6472 | D:6      | Bought a scroll of recharging for 133 gold pieces
  6472 | D:6      | Bought a scroll of noise for 14 gold pieces
  6472 | D:6      | Bought a scroll of enchant weapon for 105 gold pieces
  6576 | D:6      | Bought a scroll of fear for 49 gold pieces
  7051 | D:7      | Reached skill level 12 in Evocations
  7169 | D:7      | HP: 2/42 [poisoned by a killer bee]
  7177 | D:7      | HP: 1/42 [poisoned by a killer bee]
  7737 | D:7      | Reached XP level 9. HP: 46/46 MP: 20/20
  8088 | D:6      | Bought 2 scrolls of teleportation for 84 gold pieces
  8201 | D:7      | Reached skill level 13 in Evocations
  8925 | D:8      | Reached skill level 1 in Shields
  8937 | D:8      | Learned a level 3 spell: Ozocubu's Armour
  9918 | D:8      | Found a shattered altar of Ashenzari.
  9919 | D:8      | Found a sacrificial altar of Ru.
  9921 | D:8      | Found a white marble altar of Elyvilon.
 10709 | D:8      | Reached skill level 5 in Shields
 11091 | D:9      | Shot with an arrow by a centaur

Skill      XL: |  1  2  3  4  5  6  7  8  9 |
---------------+----------------------------+-----
Evocations     | 4 5 6 7 8 10 12 13 | 13.8
Shields        | 5 |  5.0
Fighting       | |  0.7
Short Blades   | |  1.0
Dodging        | |  2.8
Stealth        | |  1.2

Action                   |  1- 3 |  4- 6 |  7- 9 || total
-------------------------+-------+-------+-------++-------
Melee: Short sword       |    28 |     8 |       ||    36
       Whip              |       |    20 |    12 ||    32
       Flail             |       |    74 |   497 ||   571
       Falchion          |       |       |     6 ||     6
Throw: Javelin           |       |     1 |     2 ||     3
Evoke: Wand              |     6 |    14 |    42 ||    62
       Deck              |       |       |     2 ||     2
  Use: Potion            |       |     3 |     9 ||    12
       Scroll            |       |       |    11 ||    11
 Stab: Sleeping          |     1 |       |     7 ||     8
       Paralysed         |       |       |     6 ||     6
  Eat: Chunk             |       |     4 |     6 ||    10
       Meat ration       |       |       |     2 ||     2
       Bread ration      |       |       |     1 ||     1
       Royal jelly       |       |       |     1 ||     1
       Pizza             |       |       |     1 ||     1
       Fruit             |       |       |     3 ||     3
       Beef jerky        |       |       |     2 ||     2
Armor: Leather armour    |     7 |    33 |    14 ||    54
       Robe              |       |       |   150 ||   150
Dodge: Dodged            |    20 |    83 |   461 ||   564
Block: Buckler           |       |       |    55 ||    55
       Other             |       |       |    16 ||    16
       Reflection        |       |       |     2 ||     2
